 Dungeon Crawl Stone Soup version bcrawl-1.30.1 (webtiles) character file.

Game seed: 12901927492344346784

421477 Artagas the Destroyer (level 14, -14/84 HPs)
             Began as an Avariel Conjurer on Mar 13, 2021.
             Was a High Priest of Vehumet.
             Killed by an exploding ball lightning (30 damage)
             ... created by the player character
             ... on level 6 of the Lair of Beasts on Mar 14, 2021.
             The game lasted 01:12:41 (21095 turns).

Artagas the Destroyer (Avariel Conjurer)           Turns: 21095, Time: 01:12:42

Health: -14/84     AC: 10    Str:  6    XL:     14   Next: 70%
Magic:  12/32      EV: 19    Int: 27    God:    Vehumet [*****.]
Gold:   1027       SH: 11    Dex: 13    Spells: 6/37 levels left

rFire    + . .     SeeInvis .   a - +8 whip "Snakebite" {curare, rPois}
rCold    . . .     Gourm    .   K - +0 buckler
rNeg     . . .     Faith    .   J - +1 leather armour {rF+}
rPois    +         Spirit   .   (no helmet)
rElec    .         Reflect  +   (no cloak)
rCorr    .         Harm     .   f - +1 pair of gloves
MR       +....                  (no boots)
Stlth    ++........             W - +5 amulet of reflection
HPRegen  0.24/turn              (no ring)
MPRegen  0.23/turn              p - +4 ring of protection

@: flying quickly and evasively, quick
A: able to fly
a: Stop Flying, Renounce Religion


You were on level 6 of the Lair of Beasts.
You worshipped Vehumet.
Vehumet was extremely pleased with you.
You were not hungry.

You visited 3 branches of the dungeon, and saw 15 of its levels.

You collected 1237 gold pieces.
You spent 210 gold pieces at shops.

Inventory:

Hand Weapons
 a - the +8 whip "Snakebite" (weapon) {curare, rPois}
   (You found it on level 1 of the Lair of Beasts)

   It poisons the flesh of those it strikes.
   It protects you from poison.
 b - the +10 hand crossbow of the Warrior-Mage {penet, rElec}
   (You found it on level 1 of the Lair of Beasts)

   Ammo fired by it will pass through the targets it hits, potentially hitting
   all targets in its path until it reaches its maximum range.
   It insulates you from electricity.
 R - the +10 flail "Nauprute" {drain, *Noise MR+++ Str-3 SInv}
   (You found it on level 1 of the Lair of Beasts)

   A truly terrible weapon, it drains the life of those it strikes.
   It affects your strength (-3).
   It affects your resistance to hostile enchantments.
   It lets you see invisible.
   It may make noises in combat.
Missiles
 l - 440 poisoned tomahawks (quivered)
 U - 424 bolts
Armour
 f - a +1 pair of gloves (worn)
   (You found it on level 1 of the Dungeon)
 J - a +1 leather armour of fire resistance (worn)
   (You took it off an orc on level 7 of the Dungeon)
 K - a +0 buckler (worn)
   (You found it on level 7 of the Dungeon)
Jewellery
 i - an uncursed ring of see invisible
   (You found it on level 4 of the Dungeon)
 p - a +4 ring of protection (right hand)
   (You found it on level 5 of the Lair of Beasts)
 O - an uncursed ring of positive energy
   (You found it on level 2 of the Dungeon)
 P - an uncursed ring of ice
   (You took it off Fannar on level 1 of the Lair of Beasts)
 T - an uncursed ring of insulation
   (You found it on level 2 of the Lair of Beasts)
 W - a +5 amulet of reflection (around neck)
   (You found it on level 2 of the Lair of Beasts)
Wands
 o - a wand of acid (2)
   (You bought it in a shop on level 4 of the Dungeon)
 v - a wand of digging (10)
   (You found it on level 1 of the Lair of Beasts)
 y - a wand of paralysis (15)
   (You bought it in a shop on level 4 of the Dungeon)
 B - a wand of iceblast (22)
   (You found it on level 5 of the Dungeon)
 E - a wand of enslavement (1)
   (You took it off Pikel on level 6 of the Dungeon)
 V - a wand of flame (22)
   (You found it on level 2 of the Dungeon)
Scrolls
 m - 8 scrolls of enchant armour
 s - 5 scrolls of enchant weapon
 t - 6 scrolls of teleportation
 u - a scroll of magic mapping
 z - a scroll of blinking
 A - 11 scrolls of remove curse
 F - a scroll of fog
 G - a scroll of amnesia
 H - a scroll of fear
 L - a scroll of noise {unknown}
 X - a scroll of summoning {unknown}
 Z - a scroll of vulnerability {unknown}
Potions
 c - 2 potions of magic
 g - 6 potions of brilliance
 h - 2 potions of haste
 n - 2 potions of resistance
 q - 4 potions of curing
 w - 3 potions of heal wounds
 x - 4 potions of mutation
 C - 3 potions of might {unknown}
 D - 3 potions of flight {unknown}
 I - a potion of lignification {unknown}
 N - 3 potions of degeneration {unknown}
 S - 2 potions of ambrosia {unknown}
 Y - a potion of invisibility
Miscellaneous
 d - a box of beasts
Comestibles
 e - 22 rations {!d}


   Skills:
 + Level 8.6 Fighting
 + Level 5.3 Armour
 + Level 10.5 Dodging
 - Level 3.0 Stealth
 + Level 6.7 Shields
 - Level 12.0 Spellcasting
 - Level 13.0 Conjurations
 - Level 4.0 Hexes
 - Level 4.0 Transmutations
 - Level 9.0 Ice Magic
 - Level 11.0 Air Magic
 - Level 6.0 Evocations


You had 6 spell levels left.
You knew the following spells:

 Your Spells              Type           Power        Failure   Level  Hunger
a - Bolt of Cold          Conj/Ice       ######....   4%          6    ####...
b - Conjure Ball Lightni  Conj/Air       ######....   2%          6    ####...
c - Iskenderun's Mystic   Conj           ######..     1%          3    None
d - Fulminant Prism       Conj/Hex       ######....   1%          4    None
e - Irradiate             Conj/Tmut      ######....   2%          5    ##.....
f - Magic Dart            Conj           ####         1%          1    None
g - Yara's Violent Unrav  Hex/Tmut       #####.....   4%          4    None
h - Searing Ray           Conj           ######..     1%          2    None

Your spell library contained the following spells:

 Spells                   Type           Power        Failure   Level  Hunger
 Lightning Bolt           Conj/Air       ######....   1%          5    ##.....
 Freezing Cloud           Ice/Air        ######....   6%          6    ####...
 Ozocubu's Refrigeration  Ice            ######....   10%         6    ####...
 Metabolic Englaciation   Hex/Ice        ######....   17%         5    ##.....
 Recall                   Summ/Tloc      N/A          26%         3    None
 Summon Mana Viper        Hex/Summ       ####....     73%         5    ##.....
 Simulacrum               Ice/Necr       #####.....   91%         6    ####...
 Aura of Abjuration       Summ           ###.......   94%         5    ##.....
 Summon Demon             Summ           ###.......   94%         5    ##.....
 Summon Forest            Summ/Tloc      ###.......   94%         5    ##.....
 Shadow Creatures         Summ           N/A          100%        6    ####...


Dungeon Overview and Level Annotations

Branches:
Dungeon (8/12)             Temple (1/1) D:5            Lair (6/6) D:7
 Shoals (0/3) Lair:3        Snake (0/3) Lair:2        Slime (0/5) Lair:5
    Orc: D:8-11

Altars:
Cheibriados
Elyvilon
Fedhas
Hepliaklqana
Lugonu
Makhleb
Ru
Trog
Vehumet
Wu Jian
Yredelemnul
Zin
Jiyva

Shops:
D:4 }

Annotations:
D:6 5 exclusions
D:7 3 runed translucent doors, quik's ghost, novice GnTm
Lair:3 1 runed door


Innate Abilities, Weirdness & Mutations

You can fly continuously.


Message History

Press m to set your skill training.
Press ? for a list of commands and other information.
You fly downwards. 5 elephants and a cane toad come into view.
The elephant trumpets! x4; The cane toad croaks.
There is a stone staircase leading up here.
Cast which spell? (? or * to list)
Okay, then.
Cast which spell? (? or * to list)
Okay, then.
Cast which spell? (? or * to list)
Aiming: Bolt of Cold (safe; 4% risk of failure)
Press: ? - help, Shift-Dir - straight line, f - elephant
Aim: an elephant You feel a surge of power!
The bolt of cold hits the elephant!!!
The elephant is severely wounded.
The bolt of cold hits the elephant!!!
The elephant is heavily wounded.
The elephant tramples you!
You are shoved backwards!
You stop ascending the stairs.
The elephant tramples you.
You are shoved backwards!
Casting: Bolt of Cold (safe; 4% risk of failure)
Confirm with . or Enter, or press ? or * to list all spells.
Aiming: Bolt of Cold (safe; 4% risk of failure)
Press: ? - help, Shift-Dir - straight line, f - elephant
Aim: an elephant (severely wounded)
Okay, then.
A cane toad comes into view.
The cane toad moves out of view.
Casting: Bolt of Cold (safe; 4% risk of failure)
Confirm with . or Enter, or press ? or * to list all spells.
Aiming: Bolt of Cold (safe; 4% risk of failure)
Press: ? - help, Shift-Dir - straight line, f - elephant
Aim: an elephant You feel a surge of power!
The bolt of cold hits the elephant!!!
You kill the elephant!
Vehumet accepts your kill.
The bolt of cold hits the cane toad!!!
The cane toad is almost dead.
The bolt of cold hits the elephant!!
The elephant is heavily wounded.
You hear an angry hiss.
Casting: Bolt of Cold (safe; 4% risk of failure)
Confirm with . or Enter, or press ? or * to list all spells.
Aiming: Bolt of Cold (safe; 4% risk of failure)
Press: ? - help, Shift-Dir - straight line, f/p - elephant
Aim: an elephant (heavily wounded)
You feel a surge of power!
The bolt of cold hits the cane toad!!!
You kill the cane toad!
Vehumet accepts your kill.
You feel your power returning.
The bolt of cold hits the elephant!!!
You kill the elephant!
Vehumet accepts your kill.
You feel your power returning.
The bolt of cold hits the elephant!!!
The elephant is severely wounded.
An anaconda comes into view.
Casting: Bolt of Cold (safe; 4% risk of failure)
Confirm with . or Enter, or press ? or * to list all spells.
Okay, then.
Casting: Bolt of Cold (safe; 4% risk of failure)
Confirm with . or Enter, or press ? or * to list all spells.
Aiming: Bolt of Cold (safe; 4% risk of failure)
Press: ? - help, Shift-Dir - straight line, f - anaconda
Aim: an anaconda You feel a surge of power!
The bolt of cold hits the anaconda!!
The anaconda is heavily wounded.
The anaconda barely misses you. x2
Casting: Bolt of Cold (safe; 4% risk of failure)
Confirm with . or Enter, or press ? or * to list all spells.
You create some ball lightning!
The elephant tramples your ball lightning.
Your ball lightning is shoved backwards!
You block the anaconda's attack. The anaconda bites you!
Unknown command.
Put on which piece of jewellery? (? for menu, Esc to quit)
You're wearing all the rings you can.
Remove which one? (? for menu, Esc to cancel) < or
P - a ring of ice; > or
p - a +4 ring of protection You remove your ring of ice.
The anaconda barely misses you. You block the anaconda's attack.
Your ball lightning explodes!
The blast of lightning engulfs your ball lightning.
Your ball lightning completely resists.
The blast of lightning engulfs your ball lightning.
Your ball lightning completely resists.
The blast of lightning engulfs you!!
The blast of lightning engulfs the anaconda!
The anaconda is severely wounded.
Your ball lightning explodes!
The blast of lightning engulfs your ball lightning.
Your ball lightning completely resists.
Vehumet accepts your kill.
You feel your power returning.
You feel a bit more experienced. The blast of lightning engulfs you!!
* * * LOW HITPOINT WARNING * * *
Your ball lightning explodes!
The blast of lightning engulfs the anaconda!!
You kill the anaconda!
Vehumet accepts your kill. The blast of lightning engulfs you!!
You die...

#.. ... ... ... #..
.. #..# ..## # #..
######..## ##
##.##..##...P..#.#...
..........Y..........
#....#†#...S...# ##.
#@#####Y.### ###
#.†..# ###..##
##.#...#..#
...###........#
.......<........P
..............#PP.
.....Y.......## #.
...........###


You could see an elephant.

Vanquished Creatures
  Nessos (Lair:5)
  Fannar (Lair:1)
  6 hydras
  An anaconda (Lair:6)
  A catoblepas (Lair:3)
  A queen ant (Lair:6)
  2 death yaks (Lair:6)
  Pikel (D:6)
  20 elephants
  9 black mambas
  A torpor snail (Lair:4)
  12 cane toads
  7 rime drakes
  8 komodo dragons
  A queen bee (Lair:4)
  6 tyrant leeches (Lair:4)
  Prince Ribbit (D:7)
  6 dream sheep (Lair:5)
  31 blink frogs
  A hornet (D:6)
  7 hippogriffs
  6 wyverns
  4 basilisks
  31 yaks
  A hungry ghost (D:8)
  A steam dragon (Lair:4)
  5 swamp worms (Lair:4)
  3 nagas (Lair:2)
  An acid dragon (D:7)
  26 soldier ants
  10 water moccasins
  15 crocodiles
  8 porcupines
  A sky beast (D:8)
  Purgy (D:3)
  An orc warrior (D:8)
  A phantom (D:4)
  3 black bears
  2 ogres
  8 wolves
  3 centaurs
  A wyvern zombie (D:8)
  7 bullfrogs
  3 scorpions
  31 killer bees
  An electric eel (Lair:1)
  2 crimson imps
  4 hounds
  A centaur zombie (D:6)
  A bullfrog zombie (D:5)
  3 orc priests
  An iron imp (D:4)
  Jessica (D:2)
  A bullfrog skeleton (D:8)
  3 iguanas
  4 orc wizards
  Natasha (D:2)
  19 worker ants
  A killer bee zombie (D:6)
  A worker ant zombie (D:5)
  13 adders
  A river rat (Lair:4)
  3 shadow imps
  An ooze (D:1)
  An adder skeleton (D:4)
  2 worms (D:2)
  A dart slug (D:4)
  3 leopard geckos
  24 orcs
  3 giant cockroaches
  14 goblins
  12 hobgoblins
  8 jackals
  12 kobolds
  6 quokkas
  9 bats
  A frilled lizard (D:3)
  A quokka skeleton (D:4)
  3 rats
  2 butterflies (Lair:6)
  A fulminant prism (D:6)
  4 fungi
  2 plants
468 creatures vanquished.

Vanquished Creatures (others)
  20 ball lightnings
  61 fulminant prisms
  32 fungi
  30 plants
143 creatures vanquished.

Grand Total: 611 creatures vanquished

Notes
Turn   | Place    | Note
-------+----------+-------------------------------------------
     0 | D:1      | Artagas the Avariel Conjurer began the quest for the Orb.
     0 | D:1      | Reached XP level 1. HP: 10/10 MP: 6/6
   175 | D:1      | Reached skill level 3 in Spellcasting
   175 | D:1      | Reached XP level 2. HP: 15/15 MP: 5/8
   178 | D:1      | Learned a level 2 spell: Searing Ray
   451 | D:1      | Reached skill level 3 in Stealth
   451 | D:1      | Reached XP level 3. HP: 19/19 MP: 5/9
   476 | D:1      | Reached skill level 6 in Conjurations
   681 | D:1      | Learned a level 3 spell: Iskenderun's Mystic Blast
  1008 | D:2      | Noticed Jessica
  1090 | D:2      | Reached skill level 1 in Fighting
  1146 | D:2      | Killed Jessica
  1147 | D:2      | Reached skill level 2 in Fighting
  1147 | D:2      | Reached XP level 4. HP: 26/26 MP: 2/10
  1678 | D:2      | Found a basalt altar of Yredelemnul.
  2303 | D:2      | Found a white marble altar of Elyvilon.
  2426 | D:3      | Learned a level 4 spell: Fulminant Prism
  2492 | D:3      | Reached XP level 5. HP: 30/31 MP: 1/12
  2631 | D:3      | Noticed Natasha
  2807 | D:2      | Killed Natasha
  2808 | D:2      | Reached skill level 3 in Fighting
  2808 | D:2      | Reached skill level 4 in Spellcasting
  3073 | D:3      | Noticed Purgy
  3097 | D:3      | Killed Purgy
  3098 | D:3      | Reached skill level 3 in Hexes
  3098 | D:3      | Reached XP level 6. HP: 37/37 MP: 5/14
  3332 | D:3      | Found a snail-covered altar of Cheibriados.
  3719 | D:4      | Noticed a phantom
  3921 | D:4      | Reached skill level 4 in Hexes
  3954 | D:4      | Killed a phantom
  3955 | D:4      | Reached skill level 7 in Conjurations
  3955 | D:4      | Reached XP level 7. HP: 33/41 MP: 0/15
  4422 | D:4      | Found Wesmiall's Gadget Shoppe.
  4425 | D:4      | Bought a wand of acid (2) for 84 gold pieces
  4425 | D:4      | Bought a wand of paralysis (8) for 126 gold pieces
  4593 | D:4      | Found a snail-covered altar of Cheibriados.
  4633 | D:5      | Entered Level 5 of the Dungeon
  4673 | D:5      | Found a staircase to the Ecumenical Temple.
  4684 | Temple   | Entered the Ecumenical Temple
  4695 | Temple   | Became a worshipper of Vehumet
  4854 | D:5      | Reached skill level 8 in Conjurations
  5080 | D:5      | Reached skill level 5 in Spellcasting
  5236 | D:5      | Reached skill level 6 in Spellcasting
  5588 | D:5      | Reached skill level 3 in Dodging
  5588 | D:5      | Reached XP level 8. HP: 28/46 MP: 13/19
  5655 | D:5      | Found a sacrificial altar of Ru.
  5818 | D:6      | Noticed Pikel
  5884 | D:6      | Noticed a hippogriff
  5975 | D:6      | Reached skill level 4 in Fighting
  5977 | D:6      | Reached skill level 4 in Dodging
  6344 | D:6      | Reached skill level 5 in Dodging
  6475 | D:6      | Reached skill level 5 in Fighting
  6481 | D:6      | Learned a level 5 spell: Irradiate
  6482 | D:6      | Reached * piety under Vehumet
  6482 | D:6      | Offered knowledge of Flame Tongue by Vehumet.
  6795 | D:5      | Reached skill level 1 in Transmutations
  6843 | D:6      | Noticed a hornet
  6847 | D:6      | Killed a hornet
  6848 | D:6      | Reached skill level 7 in Spellcasting
  6848 | D:6      | Reached skill level 2 in Transmutations
  6848 | D:6      | Gained mutation: You can fly continuously. [Avariel growth]
  6848 | D:6      | Reached XP level 9. HP: 40/54 MP: 13/21
  6850 | D:6      | Killed Pikel
  6851 | D:6      | Reached skill level 4 in Transmutations
  6992 | D:6      | Reached skill level 9 in Conjurations
  7128 | D:6      | Reached skill level 10 in Conjurations
  7218 | D:6      | Found a glowing silver altar of Zin.
  7869 | D:7      | Noticed Prince Ribbit
  7874 | D:7      | Killed Prince Ribbit
  7981 | D:7      | Reached skill level 6 in Dodging
  8019 | D:7      | Offered knowledge of Sting by Vehumet.
  8145 | D:7      | Noticed a komodo dragon
  8163 | D:7      | Killed a komodo dragon
  8163 | D:7      | Reached ** piety under Vehumet
  8164 | D:7      | Reached skill level 6 in Fighting
  8164 | D:7      | Reached XP level 10. HP: 52/60 MP: 12/22
  8374 | D:7      | Reached skill level 7 in Dodging
  8463 | D:7      | Reached skill level 7 in Fighting
  8494 | D:7      | Found a staircase to the Lair.
  8514 | D:7      | Reached skill level 1 in Evocations
  8983 | D:7      | Noticed quik's ghost (novice GnTm)
  9012 | D:7      | Found a runed translucent gate.
  9012 | D:7      | Found a runed translucent gate.
  9012 | D:7      | Found a runed translucent gate.
  9362 | D:8      | Reached skill level 2 in Evocations
  9478 | D:8      | Found a corrupted altar of Lugonu.
  9758 | D:8      | Reached skill level 3 in Evocations
  9815 | D:8      | Reached skill level 8 in Spellcasting
 10016 | D:8      | Reached skill level 4 in Evocations
 10456 | Lair:1   | Entered Level 1 of the Lair of Beasts
 10487 | Lair:1   | Reached skill level 9 in Spellcasting
 10513 | Lair:1   | Reached skill level 5 in Evocations
 10567 | Lair:1   | Noticed an eight-headed hydra
 10576 | Lair:1   | Killed an eight-headed hydra
 10577 | Lair:1   | Reached skill level 6 in Evocations
 10577 | Lair:1   | Reached skill level 2 in Armour
 10577 | Lair:1   | Reached XP level 11. HP: 55/67 MP: 10/26
 10670 | Lair:1   | Offered knowledge of Throw Frost by Vehumet.
 10739 | Lair:1   | Reached skill level 3 in Armour
 10825 | Lair:1   | Reached skill level 8 in Dodging
 10901 | Lair:1   | Reached skill level 4 in Armour
 10901 | Lair:1   | Reached skill level 10 in Spellcasting
 10916 | Lair:1   | HP: 10/67 [poisoned by a black mamba]
 10921 | Lair:1   | Reached *** piety under Vehumet
 10922 | Lair:1   | HP: 10/67 [poisoned by a black mamba]
 10929 | Lair:1   | HP: 9/67 [poisoned by a black mamba]
 10934 | Lair:1   | HP: 9/67 [poisoned by a black mamba]
 11197 | Lair:1   | Reached skill level 9 in Dodging
 11684 | Lair:1   | Found a hazy altar of Hepliaklqana.
 11705 | Lair:1   | Noticed Fannar
 11746 | Lair:1   | Killed Fannar
 11962 | Lair:1   | Got an iridescent hand crossbow
 11969 | Lair:1   | Got a crystal flail
 12419 | Lair:1   | Reached XP level 12. HP: 46/73 MP: 21/28
 12531 | Lair:1   | Found the +8 whip "Snakebite" {curare, rPois}
 12652 | Lair:1   | Identified the +10 hand crossbow of the Warrior-Mage
                  | {penet, rElec} (You found it on level 1 of the Lair of
                  | Beasts)
 12870 | D:3      | Identified the +10 flail "Nauprute" {drain, *Noise MR+++
                  | Str-3 SInv} (You found it on level 1 of the Lair of Beasts)
 13139 | Lair:2   | Reached skill level 11 in Conjurations
 13146 | Lair:2   | Learned a level 6 spell: Bolt of Cold
 13224 | Lair:2   | Reached skill level 11 in Spellcasting
 13270 | Lair:2   | Reached skill level 8 in Fighting
 13270 | Lair:2   | Reached skill level 10 in Dodging
 13270 | Lair:2   | Reached skill level 1 in Ice Magic
 13296 | Lair:2   | Reached skill level 2 in Ice Magic
 13377 | Lair:2   | Offered knowledge of Yara's Violent Unravelling by Vehumet.
 13383 | Lair:2   | Learned a level 4 spell: Yara's Violent Unravelling
 13398 | Lair:2   | Reached skill level 3 in Ice Magic
 13547 | Lair:2   | Found a staircase to the Snake Pit.
 13634 | Lair:2   | Reached skill level 4 in Ice Magic
 14046 | Lair:3   | Reached skill level 5 in Ice Magic
 14098 | Lair:3   | Reached skill level 6 in Ice Magic
 14196 | Lair:3   | Reached skill level 7 in Ice Magic
 14489 | Lair:3   | Reached skill level 8 in Ice Magic
 14504 | Lair:3   | Reached skill level 1 in Shields
 14583 | Lair:3   | Reached skill level 2 in Shields
 14605 | Lair:3   | Reached **** piety under Vehumet
 14735 | Lair:3   | Noticed a four-headed hydra
 14737 | Lair:3   | Killed a four-headed hydra
 14738 | Lair:3   | Reached skill level 3 in Shields
 14741 | Lair:3   | Reached skill level 4 in Shields
 14828 | Lair:3   | Reached XP level 13. HP: 74/78 MP: 16/30
 14893 | Lair:3   | Reached skill level 5 in Shields
 14941 | Lair:3   | Offered knowledge of Throw Icicle by Vehumet.
 15038 | Lair:3   | Reached skill level 6 in Shields
 15156 | Lair:3   | Found a runed door.
 15159 | Lair:3   | Found a staircase to the Shoals.
 16588 | Lair:4   | Reached skill level 9 in Ice Magic
 16634 | Lair:4   | Reached skill level 12 in Conjurations
 16759 | Lair:4   | Reached skill level 12 in Spellcasting
 16826 | Lair:4   | Reached ***** piety under Vehumet
 16969 | Lair:4   | Offered knowledge of Conjure Ball Lightning by Vehumet.
 16977 | Lair:4   | Learned a level 6 spell: Conjure Ball Lightning
 17161 | Lair:4   | Reached skill level 13 in Conjurations
 17298 | Lair:4   | Reached skill level 1 in Air Magic
 17371 | Lair:4   | Reached skill level 2 in Air Magic
 17374 | Lair:4   | Reached skill level 3 in Air Magic
 17391 | Lair:4   | Reached skill level 4 in Air Magic
 17476 | Lair:4   | Reached skill level 5 in Air Magic
 18335 | Lair:5   | Reached skill level 6 in Air Magic
 18694 | Lair:5   | Found a viscous altar of Jiyva.
 18694 | Lair:5   | Found a staircase to the Slime Pits.
 18701 | Lair:5   | Reached XP level 14. HP: 84/84 MP: 27/32
 18874 | Lair:5   | Reached skill level 7 in Air Magic
 18949 | Lair:5   | Noticed Nessos
 18975 | Lair:5   | Killed Nessos
 18976 | Lair:5   | Reached skill level 8 in Air Magic
 19169 | Lair:5   | Reached skill level 9 in Air Magic
 19436 | Lair:5   | Reached skill level 10 in Air Magic
 19910 | Lair:6   | Entered Level 6 of the Lair of Beasts
 20049 | Lair:6   | Reached skill level 11 in Air Magic
 20622 | Lair:6   | Offered knowledge of Lightning Bolt by Vehumet.
 20937 | Lair:6   | Reached skill level 5 in Armour
 21095 | Lair:6   | Killed by an exploding ball lightning

Skill      XL: |  1  2  3  4  5  6  7  8  9 10 11 12 13 14 |
---------------+-------------------------------------------+-----
Spellcasting   | 3 4 6 7 9 10 11 12 | 12.0
Stealth        | 3 |  3.0
Conjurations   | 6 7 8 10 11 13 | 13.0
Fighting       | 2 3 5 6 7 8 |  8.6
Hexes          | 3 4 |  4.0
Dodging        | 3 5 6 7 9 10 | 10.5
Transmutations | 2 4 |  4.0
Evocations     | 6 |  6.0
Armour         | 2 4 5 |  5.3
Ice Magic      | 8 9 |  9.0
Shields        | 4 6 |  6.7
Air Magic      | 6 11 | 11.0

Action                   |  1- 3 |  4- 6 |  7- 9 | 10-12 | 13-15 || total
-------------------------+-------+-------+-------+-------+-------++-------
Melee: Dagger            |       |       |       |     1 |       ||     1
       Whip              |       |       |       |    22 |    82 ||   104
 Fire: Hunting sling     |       |     2 |    23 |       |       ||    25
       Hand crossbow     |       |       |       |     4 |     5 ||     9
Throw: Tomahawk          |       |       |     1 |     6 |       ||     7
 Cast: Magic Dart        |    53 |    70 |    64 |     9 |     2 ||   198
       Searing Ray       |     2 |    12 |    16 |    12 |     1 ||    43
       Iskenderun's Myst |     2 |    11 |    40 |   114 |    27 ||   194
       Fulminant Prism   |       |     3 |    13 |    45 |     1 ||    62
       Irradiate         |       |       |     2 |    14 |     9 ||    25
       Bolt of Cold      |       |       |       |    38 |   181 ||   219
       Yara's Violent Un |       |       |       |     1 |       ||     1
       Conjure Ball Ligh |       |       |       |       |     8 ||     8
Evoke: Wand              |       |       |       |     3 |     2 ||     5
  Use: Scroll            |       |     2 |     5 |     7 |     3 ||    17
       Potion            |       |       |       |       |     2 ||     2
  Eat: Chunk             |     2 |    10 |    12 |    32 |    57 ||   113
       Ration            |       |     1 |     2 |     2 |     4 ||     9
Armor: Robe              |       |     3 |    13 |     6 |       ||    22
       Leather armour    |       |       |       |     1 |     9 ||    10
Dodge: Dodged            |     7 |    19 |    38 |    97 |    77 ||   238
Block: Other             |       |       |       |     2 |       ||     2
       Buckler           |       |       |       |       |    59 ||    59

Levels and vault maps discovered:
D:1:      ebering_trefoil_3fold, layout_rooms, minmay_misc_feat_hallway
D:2:      cheibrodos_greedy_goblins, layout_basic, kennysheep_ying_yang,
          uniq_jessica
D:3:      layout_loops_cross, cheibriados_altar_1, uniq_purgy, uniq_natasha
D:4:      layout_cave_pools, serial_shops, nicolae_shop_behind_doors,
          first_ration, chei_slow_surprise
D:5:      layout_basic, kennysheep_little_box, minmay_temple_entry_offerings,
          serial_park_tiny_1
D:6:      layout_cave_pools, nicolae_overflow_hidden_temple, zin_scriptorium,
          serial_glass, glass_columns_a, glass_columns_a, minmay_fountain_box,
          centaur_isle, uniq_pikel
D:7:      layout_basic, erik_lair_dragon, gammafunk_ghost_icy,
          uniq_prince_ribbit1
D:8:      layout_loops_corners, lemuel_doored_altar
Temple:   nicolae_temple_elliptical
Lair:1:   minmay_guarded_unrand_snakebite, layout_chaotic_city,
          portal_ice_cave_rime, amcnicky_altar_gilded, serial_bayou_shore_a,
          uniq_fannar
Lair:2:   layout_cave_shapes, minmay_snake_entry_guardpost_small
Lair:3:   layout_small_grid, bhauth_shoals_entry_angry_harpies,
          infiniplex_staircase_pool_2, grunt_megastairs_3
Lair:4:   regret_index_tunnel_blossom, layout_long_grid, gauntlet_entry_generic,
          st_stairs_8, worms_lemuel
Lair:5:   layout_roguey, slime_altar_1, lemuel_fruit_fields, uniq_nessos
Lair:6:   evil_forest, layout_small_grid, minivault_29, lemuel_fruit_fields,
          serial_bayou_shore_b, minmay_lair_oklob_chamber

Table legend:
 A = Turns spent in this place as a percentage of turns spent in the entire game.
 B = Non-inter-level travel turns spent in this place as a percentage of non-inter-level travel turns spent in the entire game.
 C = Inter-level travel turns spent in this place as a percentage of turns spent in this place.
 D = Turns resting spent in this place as a percentage of non-inter-level travel turns spent in this place.
 E = Turns spent auto-exploring this place as a percentage of non-inter-level travel turns spent in this place.
 F = Non-inter-level travel turns spent in this place divided by the number of levels of this place that you've seen.
                   A       B       C       D       E      F
               +-------+-------+-------+-------+-------+----------------------
         Total | 100.0 | 100.0 |   6.0 |  30.1 |  51.5 | 1321.9
       Dungeon |  51.6 |  49.7 |   9.5 |  34.7 |  46.5 | 1231.9
        Temple |   0.1 |   0.1 |  43.5 |   0.0 |  69.2 |  13.0
          Lair |  48.3 |  50.2 |   2.1 |  25.7 |  56.3 | 1660.2
               +-------+-------+-------+-------+-------+----------------------

Table legend:
 A = Kills in this place as a percentage of kills in entire the game.
 B = Kills by you in this place as a percentage of kills by you in the entire game.
 C = Kills by friends in this place as a percentage of kills by friends in the entire game.
 D = Other kills in this place as a percentage of other kills in the entire game.
 E = Experience gained in this place as a percentage of experience gained in the entire game.
 F = Experience gained in this place divided by the number of levels of this place that you have seen.
                   A       B       C       D       E      F
               +-------+-------+-------+-------+-------+----------------------
         Total | 100.0 | 100.0 |   N/A |   N/A | 100.0 | 5229.1
       Dungeon |  39.7 |  39.7 |   N/A |   N/A |  10.0 | 983.8
          Lair |  60.3 |  60.3 |   N/A |   N/A |  90.0 | 11761.2
               +-------+-------+-------+-------+-------+----------------------
